 Dungeon Crawl Stone Soup version 0.30-a0-779-g7971cf19c3 (webtiles) character file.

Game seed: 3960496464116939375

299 Dittersdorf the Covered (level 6, 0/39 HPs)
             Began as a Gargoyle Fighter on Feb 17, 2023.
             Slain by an ogre
             ... wielding a +0 giant spiked club
              (17 damage)
             ... on level 4 of the Dungeon.
             The game lasted 00:02:57 (2278 turns).

Dittersdorf the Covered (Gargoyle Fighter)          Turns: 2278, Time: 00:02:57

Health: 0/39       AC: 16    Str: 22    XL:     6   Next: 36%
Magic:  6/6        EV:  7    Int:  8    God:
Gold:   97         SH:  4    Dex:  9    Spells: 5/5 levels left

rFire   . . .      SeeInvis .    a - +0 flail
rCold   . . .      Faith    .    c - +0 buckler
rNeg    + . .      Spirit   .    h - +0 chain mail
rPois   ∞          Reflect  .    m - +0 helmet
rElec   +          Harm     .    p - +0 cloak
rCorr   .          Rampage  .    (no gloves)
Will    .....                    (no boots) Stlth
                                 (no amulet)
HPRegen 0.26/turn                (no ring)
MPRegen 0.10/turn                (no ring)

@: no status effects
A: sickness immunity, AC +4, negative energy resistance 1, electricity
resistance, torment resistance 1, petrification resistance
a: no special abilities


You were on level 4 of the Dungeon.
You visited 1 branch of the dungeon, and saw 4 of its levels.

You collected 97 gold pieces.

Inventory:

Hand Weapons
 a - a +0 flail (weapon)
Missiles
 q - 5 poisoned darts (quivered)
Armour
 c - a +0 buckler (worn)
 h - a +0 chain mail (worn)
 m - a +0 helmet (worn)
 p - a +0 cloak (worn)
Scrolls
 b - 3 scrolls of teleportation {unknown}
 e - a scroll of fog {unknown}
 g - 6 scrolls of identify {unknown}
 i - a scroll of poison {unknown}
 j - a scroll of enchant weapon {unknown}
 n - a scroll of magic mapping {unknown}
 o - a scroll of amnesia {unknown}
Potions
 d - a potion of might
 f - a potion of experience {unknown}
 k - a potion of ambrosia {unknown}
 l - a potion of magic {unknown}


   Skills:
 + Level 4.7 Fighting
 + Level 3.6 Maces & Flails
 + Level 4.7 Armour
 + Level 4.7 Shields


You had 5 spell levels left.
You didn't know any spells.
Your spell library contained the following spells:

 Spells                   Type           Power      Damage    Failure   Level
 Beastly Appendage        Tmut           0%         N/A       99%         1
 Wereblood                Tmut           0%         N/A       100%        2
 Spider Form              Tmut/Pois      0%         N/A       100%        3
 Summon Ice Beast         Ice/Summ       0%         N/A       100%        4
 Summon Mana Viper        Hex/Summ       0%         N/A       100%        5
 Monstrous Menagerie      Summ           0%         N/A       100%        7


Dungeon Overview and Level Annotations

Branches:
Dungeon (4/15)
 Temple: D:4-7

Altars:
Sif Muna


Innate Abilities, Weirdness & Mutations

You are immune to sickness and miasma.
Your stone body is resilient. (AC +4)
You are immune to poison.
You resist negative energy. (rN+)
You are resistant to electric shocks. (rElec)
You are resistant to unholy torment.
You are immune to petrification.


Message History

You hit the ogre but do no damage. The ogre hits you but does no damage.
You hit the ogre.
The ogre is lightly wounded.
The ogre hits you but does no damage.
You barely miss the ogre.
The ogre is lightly wounded.
You block the ogre's attack.
You hit the ogre.
The ogre is moderately wounded.
You sock the ogre!
The ogre is severely wounded.
The ogre hits you but does no damage.
You hit the ogre.
The ogre is almost dead.
The ogre hits you with a +0 giant spiked club!!
Ouch! That really hurt!
You are too injured to fight recklessly!
You are too injured to fight recklessly!
You are too injured to fight recklessly!
You are too injured to fight recklessly!
You are too injured to fight recklessly!
You are too injured to fight recklessly!
You are too injured to fight recklessly!
You are too injured to fight recklessly!
You are too injured to fight recklessly!
You are too injured to fight recklessly!
You are too injured to fight recklessly!
You are too injured to fight recklessly!
You are too injured to fight recklessly!
You are too injured to fight recklessly!
You are too injured to fight recklessly!
You are too injured to fight recklessly!
You hit the ogre.
The ogre is almost dead.
You block the ogre's attack.
You hit the ogre but do no damage.
The ogre is almost dead.
A goblin comes into view. It is wielding a +1 dagger of speed.
The ogre hits you with a +0 giant spiked club!
You die...

.... ....#############
................#
................#
................#
+#............# #
#..†.........# #####
##.#............##......
................@O......
................##......
####.#'########## .....
#.#.....# .g.. #.#.....#
... #.#.....# ..
#.#.##### . ####.#.#
.....#.#


You could see an ogre and a goblin.

Vanquished Creatures
  A phantom (D:4)
  A hound (D:4)
  A scorpion zombie (D:4)
  A hound skeleton (D:4)
  3 hound zombies (D:4)
  5 adders
  5 dart slugs
  2 orcs
  4 ball pythons
  4 endoplasms
  2 giant cockroaches
  8 goblins
  2 hobgoblins
  2 jackals (D:1)
  3 kobolds
  4 quokkas
  5 bats
  6 frilled lizards
  5 rats
64 creatures vanquished.

Notes
Turn   | Place    | Note
-------+----------+-------------------------------------------
     0 | D:1      | Dittersdorf the Gargoyle Fighter began the quest for the
                  | Orb.
     0 | D:1      | Reached XP level 1. HP: 14/14 MP: 1/1
   153 | D:1      | Reached XP level 2. HP: 19/19 MP: 2/2
   553 | D:1      | Reached XP level 3. HP: 22/23 MP: 3/3
  1150 | D:2      | Reached XP level 4. HP: 29/29 MP: 4/4
  1164 | D:2      | Found a faded altar of an unknown god.
  1312 | D:2      | You fall into a shaft and drop 2 floors!
  1313 | D:4      | yay!
  1340 | D:4      | Reached XP level 5. HP: 33/33 MP: 5/5
  1374 | D:4      | Noticed a phantom
  1409 | D:4      | Killed a phantom
  1410 | D:4      | Reached XP level 6. HP: 39/39 MP: 6/6
  1818 | D:3      | Found a shimmering blue altar of Sif Muna.
  2278 | D:4      | Slain by an ogre

Illustrated notes

#....
#....
.... ...
.. .+#
#.# #@#
........#
....#####
##


Turn 1313 on D:4: yay!

Levels and vault maps discovered:
D:1:      lightli_arrival_windingriver, layout_loops_corners
D:2:      wander_river, layout_rooms, hellmonk_ecumenical_altar_inner_sanctum
D:3:      layout_rooms, mainiacjoe_overflow_surrounded_room, serial_glass,
          glass_columns_a, glass_columns_a, glass_columns_b, glass_columns_b,
          glass_columns_c, glass_columns_c, glass_columns_a, glass_columns_b,
          due_unseen_surprise
D:4:      layout_basic, serial_undead, serial_undead_f, serial_undead_b,
          serial_undead_d, serial_undead_b, minmay_crystal_water, minmay_between

Skill      XL: |  1  2  3  4 |
---------------+-------------+-----
Fighting       | 4 |  4.7
Armour         | 4 |  4.7
Shields        | 4 |  4.7
Maces & Flails | 3 |  3.6

Action                     |  1- 3 |  4- 6 || total
---------------------------+-------+-------++-------
  Melee: Flail             |   107 |   149 ||   256
 Armour: Scale mail        |    41 |       ||    41
         Chain mail        |    33 |   114 ||   147
  Dodge: Dodged            |    54 |    60 ||   114
  Block: Buckler           |    23 |    37 ||    60

Table legend: (Time is in decaauts)
 A = Elapsed time spent in this place.
 B = Non-inter-level travel time spent in this place.
 C = Inter-level travel time spent in this place.
 D = Time resting spent in this place.
 E = Time spent auto-exploring this place.
 F = Levels seen in this place.
 G = Mean time per level.
                   A        B        C        D        E       F      G
               +--------+--------+--------+--------+--------+-----+--------+
         Total |   2365 |   2300 |     65 |    110 |   1515 |   4 |  591.2 |
       Dungeon |   2365 |   2300 |     65 |    110 |   1515 |   4 |  591.2 |
               +--------+--------+--------+--------+--------+-----+--------+

Top non-repeatable levels by time:
     D:1: 892 daAuts
     D:2: 534 daAuts
     D:3: 513 daAuts
     D:4: 425 daAuts
